 Dungeon Crawl Stone Soup version 0.28.0-45-g0d030f2227 (webtiles) character file.

Game seed: 2784019011024697923

326 GreyArmor the Grave Robber (level 6, -6/43 HPs)
             Began as a Human Necromancer on Apr 11, 2022.
             Was a Priest of Jiyva.
             Mangled by a troll (9 damage)
             ... on level 5 of the Dungeon.
             The game lasted 00:17:57 (2055 turns).

GreyArmor the Grave Robber (Human Necromancer)      Turns: 2055, Time: 00:17:58

Health: -6/43      AC:  2    Str:  8    XL:     6   Next: 78%
Magic:  19/19      EV: 13    Int: 18    God:    Jiyva [***...]
Gold:   68         SH:  0    Dex: 17    Spells: 2/11 levels left

rFire   . . .      SeeInvis .   h - +4 dagger "Undertaker" {flame, Fly MP+9}
rCold   . . .      Faith    .   (no shield)
rNeg    . . .      Spirit   .   a - +0 robe
rPois   +          Reflect  .   (no helmet)
rElec   .          Harm     .   (no cloak)
rCorr   +          Rampage  .   (no gloves)
Will    .....                   (no boots)
Stlth   ++........              (no amulet)
HPRegen 1.26/turn               (no ring)
MPRegen 0.51/turn               (no ring)

@: flying
A: agile 2, poison resistance, eyeballs 1
a: Renounce Religion, Oozemancy


You were on level 5 of the Dungeon.
You worshipped Jiyva.
Jiyva was most pleased with you.
You visited 1 branch of the dungeon, and saw 5 of its levels.

You collected 68 gold pieces.

Inventory:

Hand Weapons
 f - a +2 dire flail of protection
 h - the +4 dagger "Undertaker" (weapon) {flame, Fly MP+9}
   (You took it off a hobgoblin on level 2 of the Dungeon)

   It burns those it strikes, dealing additional fire damage.
   MP:        It affects your magic capacity (+9).
   Fly:       It grants you flight.
 n - a +0 flail
Missiles
 i - 4 poisoned darts
Armour
 a - a +0 robe (worn)
Scrolls
 b - a scroll of immolation {unknown}
 d - a scroll of teleportation {unknown}
 g - a scroll of summoning {unknown}
 j - a scroll of identify {unknown}
 l - a scroll of fog {unknown}
Potions
 e - a potion of attraction
 k - a potion of magic {unknown}
 m - a potion of cancellation {unknown}


   Skills:
 + Level 1.2 Fighting
 + Level 1.2 Short Blades
 + Level 3.1 Dodging
 + Level 3.2 Stealth
 + Level 3.3 Spellcasting
 + Level 5.5 Necromancy


You had 2 spell levels left.
You knew the following spells:

 Your Spells              Type           Power      Damage    Failure   Level
a - Pain                  Necr           88%        1d8       1%          1
b - Animate Skeleton      Necr           44%        N/A       1%          1
c - Animate Dead          Necr           11%        N/A       16%         4
d - Vampiric Draining     Necr           22%        2d7       4%          3

Your spell library contained the following spells:

 Spells                   Type           Power      Damage    Failure   Level
 Agony                    Necr           22%        N/A       41%         5


Dungeon Overview and Level Annotations

Branches:
Dungeon (5/15)             Temple (0/1) D:5

Altars:
Uskayaw
Jiyva


Innate Abilities, Weirdness & Mutations

You are very agile. (Dex +4)
Your system is resistant to poisons. (rPois)
Your body has grown eyes which may confuse attackers. (Acc +3)


Message History

A troll is nearby!
You bump into the rock wall.
The troll seems less confused.
You bump into the stone wall.
You bump into the stone wall.
The troll bites you! The troll closely misses you. x2
You hit the troll but do no damage. You closely miss the troll.
Your punch misses the troll. The troll bites you. The troll claws you.
The troll closely misses you.
You bump into the stone wall.
The troll bites you. The troll claws you but does no damage.
The troll claws you.
You closely miss the troll. The troll completely misses you.
The eyeballs on your body gaze at the troll.
The troll closely misses you. The troll claws you.
You closely miss the troll.
You feel less invigorated.
You feel less confused.
The troll says, "Why is everything spinning?"
You hit the troll. You burn the troll.
The troll is lightly wounded.
You catch the helpless troll completely off-guard!
You puncture the troll! You burn the troll.
The troll is heavily wounded.
The troll barely misses you. The troll misses you. The troll claws you!
You completely miss the troll.
The troll is heavily wounded.
You hit the troll but do no damage.
The troll is moderately wounded.
You hear a distant slurping noise.
The troll closely misses you. The troll claws you but does no damage.
The troll claws you!
You hit the troll. You burn the troll.
The troll is heavily wounded.
The troll seems less confused.
The troll bites you!
* * * LOW HITPOINT WARNING * * *
The troll barely misses you. The troll claws you.
* * * LOW HITPOINT WARNING * * *
You hit the troll. You burn the troll.
The troll is heavily wounded.
The troll closely misses you. The troll claws you!
You die...

#...#.#
#..#
#...#.#
#..#
#...#.#
#..#
#...#.# #
#..#
#...'.# #.
#..#
#...#.# #.
#..#
#...#.#
#..#(.#
#...#T#
#..#.(#
#...#@#
#..'..#
#...#.#
#..#..#
#...#.#
####.##
#######
#.# ###.##
###'##
.#####⌠.⌠#
.....#.>.'
.#####⌠.⌠#


You could see a troll.

Vanquished Creatures
  Prince Ribbit (D:5)
  Edmund (D:5)
  A scorpion (D:4)
  A bullfrog zombie (D:5)
  A centaur skeleton (D:4)
  2 orc wizards (D:5)
  An iguana (D:5)
  A howler monkey zombie (D:5)
  2 adders
  An ufetubus (D:5)
  A worm (D:5)
  3 orcs (D:5)
  A giant cockroach (D:4)
  A goblin (D:4)
  2 hobgoblins
  2 jackals (D:4)
  A kobold (D:2)
  4 ball pythons
  A bat (D:1)
  2 frilled lizards (D:2)
  A rat (D:1)
31 creatures vanquished.

Vanquished Creatures (collateral kills)
  A kobold (D:4)
1 creature vanquished.

Vanquished Creatures (others)
  Sigmund (D:2)
  Menkaure (D:5)
  7 jellies
  A hound (D:5)
  Jessica (D:2)
  2 adders (D:4)
  A dart slug (D:4)
  An orc (D:4)
  2 bats (D:2)
  2 endoplasms
  2 giant cockroaches
  A hobgoblin (D:1)
  A quokka (D:2)
  4 ball pythons
  4 goblins
  4 kobolds
35 creatures vanquished.

Grand Total: 67 creatures vanquished

Notes
Turn   | Place    | Note
-------+----------+-------------------------------------------
     0 | D:1      | GreyArmor the Human Necromancer began the quest for the
                  | Orb.
     0 | D:1      | Reached XP level 1. HP: 13/13 MP: 3/3
   182 | D:1      | Found a faded altar of an unknown god.
   201 | D:1      | Learned a level 1 spell: Animate Skeleton
   207 | D:1      | Prayed at the altar of an unknown god.
   207 | D:1      | Became a worshipper of Jiyva Jyghuck the Shapeless
   207 | D:1      | Reached * piety under Jiyva
   476 | D:2      | Reached ** piety under Jiyva
   599 | D:2      | Killed Sigmund
   678 | D:2      | Killed Jessica
   901 | D:2      | Found a hide-covered altar of Uskayaw.
   926 | D:2      | Identified the +4 dagger "Undertaker" {flame, Fly MP+9}
   959 | D:2      | Reached XP level 2. HP: 19/19 MP: 3/5
  1057 | D:2      | You are sucked into a shaft and drop 1 floor!
  1120 | D:4      | Reached *** piety under Jiyva
  1152 | D:4      | Reached XP level 3. HP: 24/24 MP: 6/6
  1241 | D:4      | Noticed a scorpion
  1265 | D:4      | Killed a scorpion
  1266 | D:4      | Reached XP level 4. HP: 11/30 MP: 8/8
  1451 | D:4      | Reached skill level 5 in Necromancy
  1508 | D:4      | Reached XP level 5. HP: 34/35 MP: 9/9
  1520 | D:4      | Learned a level 4 spell: Animate Dead
  1524 | D:4      | Learned a level 3 spell: Vampiric Draining
  1573 | D:5      | Entered Level 5 of the Dungeon
  1573 | D:5      | Noticed Menkaure
  1573 | D:5      | Noticed Prince Ribbit
  1574 | D:5      | Noticed Edmund
  1597 | D:5      | Killed Prince Ribbit
  1618 | D:5      | HP: 1/36 [Menkaure/nerve-wracking pain (13)]
  1635 | D:5      | Found a staircase to the Ecumenical Temple.
  1645 | D:5      | Gained mutation: Your system is resistant to poisons.
                  | (rPois) [Jiyva's grace]
  1645 | D:5      | Gained mutation: You are agile. (Dex +2) [Jiyva's grace]
  1645 | D:5      | Gained mutation: You are very agile. (Dex +4) [Jiyva's
                  | grace]
  1645 | D:5      | Gained mutation: Your body has grown eyes which may confuse
                  | attackers. (Acc +3) [Jiyva's grace]
  1646 | D:5      | Noticed a sky beast
  1685 | D:5      | Reached XP level 6. HP: 34/42 MP: 10/10
  1833 | D:5      | Killed Edmund
  1834 | D:5      | Reached skill level 1 in Fighting
  1834 | D:5      | Reached skill level 1 in Short Blades
  1994 | D:5      | Noticed a troll
  2012 | D:5      | Killed Menkaure
  2054 | D:5      | HP: 1/43 [troll (3)]
  2055 | D:5      | Mangled by a troll

Illustrated notes

Levels and vault maps discovered:
D:1:      saegor_arrival_fortress, layout_loops_ring,
          shapermc_ecumenical_altar_notcrosses
D:2:      layout_loops_corners, basic_altar, uniq_jessica, uniq_sigmund
D:3:      layout_rooms, serial_curves, eino_curves_02, eino_curves_03,
          portal_sewer_entry_e
D:4:      layout_basic, minmay_cupped
D:5:      layout_basic, temple_doors_e, minmay_ogre_servants, uniq_menkaure,
          uniq_grinder, uniq_prince_ribbit1, uniq_crazy_yiuf_cottage,
          uniq_edmund

Skill      XL: |  1  2  3  4  5  6 |
---------------+-------------------+-----
Necromancy     | 5 |  5.5
Spellcasting   | 3 |  3.3
Stealth        | 3 |  3.2
Dodging        | 3 |  3.1
Fighting       | 1 |  1.2
Short Blades   | 1 |  1.2

Action                   |  1- 3 |  4- 6 || total
-------------------------+-------+-------++-------
Melee: Unarmed           |     4 |       ||     4
       Dagger            |    24 |    89 ||   113
       Punch             |       |     1 ||     1
 Cast: Pain              |    14 |    11 ||    25
       Animate Skeleton  |     4 |       ||     4
       Animate Dead      |       |     2 ||     2
  Use: Potion            |       |     3 ||     3
 Stab: Sleeping          |     1 |     1 ||     2
       Confused          |       |     4 ||     4
Armor: Robe              |     5 |    12 ||    17
Dodge: Dodged            |    25 |    83 ||   108
